 Dungeon Crawl Stone Soup version 0.31.0-11-ge490571c62 (webtiles) character file.

Game seed: 10235291874296326254

8561 qw the Nimble (level 11, 0/53 HPs)
             Began as a Spriggan Hunter on Feb 3, 2024.
             Was a High Priest of Okawaru.
             Killed from afar by an acid dragon (11 damage)
             ... with a splash of acid
             ... on level 9 of the Dungeon.
             The game lasted 00:02:24 (6905 turns).

qw the Nimble (Spriggan Hunter)                     Turns: 6905, Time: 00:02:24

Health: 0/53       AC:  8    Str:  7    XL:     11   Next: 11%
Magic:  14/18      EV: 34    Int: 11    God:    Okawaru [*****.]
Gold:   1665       SH:  0    Dex: 29    Spells: 10/10 levels left

rFire   . . .        q - +0 orcbow
rCold   . . .        (shield currently unavailable)
rNeg    . . .        n - +0 steam dragon scales
rPois   .            (helmet restricted)
rElec   .            b - +2 cloak
rCorr   .            (gloves unavailable)
SInv    +            (boots unavailable)
Will    +....        (no amulet)
Stlth   +++          p - +6 ring of dexterity
HPRegen 0.28/turn    e - +4 ring of protection
MPRegen 0.16/turn

%: no passive effects
@: about to teleport, finesse-ful, corroded, very quick
A: very small, no large weapons, unfitting armour, see invisible, speed 3
a: Renounce Religion, Heroism, Finesse, Duel


You were on level 9 of the Dungeon.
You worshipped Okawaru.
Okawaru was extremely pleased with you.
You visited 2 branches of the dungeon, and saw 10 of its levels.
You also visited: Ossuary.

You collected 1665 gold pieces.


Innate Abilities, Weirdness & Mutations

You are very small and have problems with some larger weapons.
You are too small for most types of armour.
You have supernaturally acute eyesight. (SInv)
You cover ground extremely quickly. (Speed+++)


   Skills:
 - Level 4.1 Fighting
 + Level 11.2 Ranged Weapons
 - Level 1.1 Armour
 - Level 13.0 Dodging
 - Level 1.5 Stealth
 + Level 8.3 Invocations


You had 10 spell levels left.
You didn't know any spells.
Your spell library was empty.

Inventory:

Hand Weapons
 q - a +0 orcbow (weapon)
Armour
 b - a +2 cloak (worn)
 c - a +0 troll leather armour
 n - +0 steam dragon scales (worn)
Jewellery
 e - a +4 ring of protection (right hand)
 p - a +6 ring of dexterity (left hand)
 s - a ring of fire
 Y - a ring of protection from fire
Wands
 a - a wand of mindburst (22)
 d - a wand of charming (3)
 f - a wand of iceblast (12)
 m - a wand of digging (7)
 r - a wand of polymorph (4)
Scrolls
 j - a scroll of teleportation
Potions
 g - 2 potions of enlightenment
 h - 5 potions of curing
 i - 2 potions of mutation {unknown}
 k - 4 potions of might
 l - a potion of resistance
 o - a potion of haste {unknown}

Dungeon Overview and Level Annotations

Branches:
Dungeon (9/15)             Temple (1/1) D:5            Lair (0/5) D:9
    Orc (0/2) D:9         Ossuary (visited)

Altars:
Ashenzari
Cheibriados
Dithmenos
Elyvilon
Fedhas
Gozag
Hepliaklqana
Kikubaaqudgha
Makhleb
Nemelex Xobeh
Okawaru
Qazlal
Ru
Sif Muna
Trog
Uskayaw
Vehumet
Wu Jian
Xom
Yredelemnul
Zin
The Shining One


Message History

Okawaru accepts your kill.
An acid dragon comes into view.
You shoot an arrow.
The arrow hits the kobold brigand but does no damage.
The kobold brigand is heavily wounded.
You shoot an arrow.
The arrow closely misses the kobold brigand.
The arrow hits the cane toad but does no damage.
The cane toad is lightly wounded.
The kobold brigand misses you.
You shoot an arrow. The arrow hits the kobold brigand!
The kobold brigand is almost dead.
The acid dragon spits acid at you. The splash of acid hits you!!
The acid corrodes you!
You shoot an arrow. The arrow hits the kobold brigand.
You kill the kobold brigand!
Okawaru accepts your kill.
You shoot an arrow. The arrow barely misses the cane toad.
The cane toad completely misses you.
You shoot an arrow. The arrow hits the cane toad!
The cane toad is moderately wounded.
A cyclops comes into view.
You shoot an arrow. The arrow barely misses the cane toad.
The arrow hits the cyclops.
The cyclops is moderately wounded.
The cane toad misses you.
You shoot an arrow. The arrow hits the cane toad!
The cane toad is severely wounded.
You shoot an arrow.
The arrow hits the cane toad but does no damage.
The cane toad is severely wounded.
The acid dragon bites you! The acid dragon completely misses you.
The cane toad closely misses you.
6905 ||| READING 2 scrolls of teleportation.
As you read the scroll of teleportation, it crumbles to dust.
You feel strangely unstable. The cane toad completely misses you.
The acid dragon spits acid at you. The splash of acid hits you!
You die... ##7.7##........> .777777 77.77#.#######. 7...PPP #7...7#. ##.. #...SP #.....#. ##... #..... #.....# #..P. ..... #.....# #.... .CJ

#.777.#
#.......
#F777.7.7#
#.......
7@..777.#
#......>
#D777)7.7#
###.....
.C.
#.777.#
......
.....
#.)...#
####..P.
#..P..
#.....#
#..#....
#...~.
#.....#
#..##...
7.....P
#7...7#
#..###..
.777777
77.77
#.......
## 7.7
#.......


You could see a slime creature, 2 cyclopes, a cane toad, an acid dragon
(catching breath) and an electric eel.

Vanquished Creatures
  A fire dragon (D:9)
  2 two-headed ogres
  Maurice (D:9)
  2 trolls (D:9)
  A hornet (D:9)
  Grinder (D:6)
  A wraith (D:9)
  3 wyverns (D:9)
  A warg (D:9)
  3 yaks (D:9)
  2 basilisks (D:9)
  A steam dragon (D:8)
  A water moccasin (D:7)
  3 orc warriors
  An ice beast (D:6)
  A black bear (D:6)
  2 wolves (D:9)
  4 ogres
  3 centaurs
  A phantom (D:4)
  3 kobold brigands
  2 bullfrogs
  A gnoll sergeant (D:9)
  2 scorpions (D:6)
  8 wights (D:9)
  7 killer bees (D:9)
  A howler monkey (D:7)
  2 centaur zombies (Ossuary)
  3 jellies
  4 bombardier beetles
  3 orc priests
  6 hounds
  4 scorpion zombies (D:6)
  2 iguanas
  7 orc wizards
  4 crocodile zombies (Ossuary)
  A mummy (Ossuary)
  7 gnolls
  3 howler monkey skeletons (D:6)
  8 adders
  3 shadow imps
  5 white imps
  4 ufetubi
  4 dart slugs
  A ribbon worm (D:2)
  19 orcs
  6 endoplasms
  2 giant cockroaches (D:1)
  4 gnoll zombies (Ossuary)
  7 goblins
  7 hobgoblins
  18 jackals
  3 quokkas
  10 ball pythons
  5 bats
  5 frilled lizards
  12 kobolds
  3 kobold zombies (Ossuary)
  9 rats
240 creatures vanquished.

Vanquished Creatures (others)
  A kobold (D:7)
1 creature vanquished.

Grand Total: 241 creatures vanquished

Notes
Turn   | Place    | Note
-------+----------+-------------------------------------------
     0 | D:1      | qw the Spriggan Hunter began the quest for the Orb.
     0 | D:1      | Reached XP level 1. HP: 10/10 MP: 2/2
     0 | D:1      | 0 ||| qw: Version: 0.3-a-155-g5e7d8dd
     0 | D:1      | 0 ||| qw: Game counter: 3500
     0 | D:1      | 0 ||| qw: Melee chars always use a shield: true
     0 | D:1      | 0 ||| qw: God list: Okawaru
     0 | D:1      | 0 ||| qw: Allow faded altars: false
     0 | D:1      | 0 ||| qw: Do Orc after clearing Dungeon:15 true
     0 | D:1      | 0 ||| qw: Do second Lair branch before Depths: true
     0 | D:1      | 0 ||| qw: Lair rune preference: random
     0 | D:1      | 0 ||| qw: Goals: Normal
     0 | D:1      | 0 ||| PLANNING D:1-11
    15 | D:1      | Reached skill level 3 in Dodging
    41 | D:1      | 41 ||| RETREEEEATING.
    43 | D:1      | Reached XP level 2. HP: 7/14 MP: 3/3
    46 | D:1      | Reached skill level 4 in Dodging
   247 | D:1      | Reached XP level 3. HP: 13/18 MP: 4/4
   635 | D:1      | 635 ||| READING scroll labelled LIZADA DUFUE.
   736 | D:1      | 736 ||| DROPPING scroll of butterflies.
   784 | D:2      | 784 ||| FLEEEEING.
   787 | D:2      | 787 ||| FLEEEEING.
   788 | D:2      | 788 ||| FLEEEEING.
   789 | D:2      | 789 ||| FLEEEEING.
   790 | D:2      | 790 ||| FLEEEEING.
   791 | D:2      | 791 ||| FLEEEEING.
   794 | D:2      | 794 ||| FLEEEEING.
   810 | D:2      | Reached XP level 4. HP: 13/22 MP: 5/5
   862 | D:2      | Found a faded altar of an unknown god.
  1078 | D:2      | Reached skill level 5 in Dodging
  1402 | D:2      | 1402 ||| UPGRADING to +0 cloak.
  1407 | D:2      | 1407 ||| UPGRADING to ring of protection from fire.
  1408 | D:2      | 1408 ||| READING scroll labelled MUCYPN PIDOKH.
  1694 | D:3      | Reached XP level 5. HP: 26/26 MP: 6/6
  2140 | D:3      | 2140 ||| READING 2 scrolls labelled AFEAMA NIGA.
  2140 | D:3      | 2140 ||| IDENTIFYING grey potion
  2141 | D:3      | 2141 ||| READING scroll of identify.
  2141 | D:3      | 2141 ||| IDENTIFYING brown potion
  2142 | D:3      | 2142 ||| READING scroll labelled CUIMUA HUHEINIE.
  2143 | D:3      | 2143 ||| DRINKING 2 fuming black potions.
  2144 | D:3      | 2144 ||| DROPPING potion of attraction.
  2145 | D:3      | 2145 ||| DROPPING potion of degeneration.
  2146 | D:3      | 2146 ||| DROPPING potion of lignification.
  2288 | D:4      | Reached skill level 6 in Ranged Weapons
  2542 | D:4      | Noticed a phantom
  2543 | D:4      | 2543 ||| ZAPPING wand of iceblast (5) at 4,-1 (phantom;
                  | floor).
  2544 | D:4      | 2544 ||| ZAPPING wand of iceblast (4) at 3,-1 (phantom;
                  | floor).
  2545 | D:4      | 2545 ||| ZAPPING wand of iceblast (3) at 2,-1 (phantom;
                  | floor).
  2545 | D:4      | Killed a phantom
  2546 | D:4      | Reached skill level 6 in Dodging
  2546 | D:4      | Reached XP level 6. HP: 30/30 MP: 7/7
  2794 | D:4      | 2794 ||| READING 2 scrolls of identify.
  2794 | D:4      | 2794 ||| IDENTIFYING blue potion
  2795 | D:4      | 2795 ||| READING scroll of identify.
  2795 | D:4      | 2795 ||| IDENTIFYING sapphire potion
  2796 | D:4      | 2796 ||| DRINKING 2 fuming amethyst potions.
  2823 | D:5      | Entered Level 5 of the Dungeon
  2978 | D:5      | Found a staircase to the Ecumenical Temple.
  2979 | D:5      | 2979 ||| PLANNING TEMPLE
  2979 | D:5      | 2979 ||| UPGRADING to +4 ring of protection.
  2980 | D:5      | 2980 ||| READING scroll labelled FADAWA RIDYASI.
  2980 | D:5      | 2980 ||| BRANDING +0 shortbow.
  2989 | Temple   | Entered the Ecumenical Temple
  2990 | Temple   | 2990 ||| PLANNING OKAWARU WORSHIP
  2997 | Temple   | Became a worshipper of Warmaster Okawaru
  2998 | Temple   | 2998 ||| PLANNING D:1-11
  3184 | D:5      | Reached XP level 7. HP: 35/35 MP: 8/8
  3194 | D:5      | 3194 ||| FLEEEEING.
  3196 | D:5      | 3196 ||| FLEEEEING.
  3198 | D:5      | 3198 ||| FLEEEEING.
  3200 | D:5      | 3200 ||| FLEEEEING.
  3201 | D:5      | 3201 ||| FLEEEEING.
  3202 | D:5      | 3202 ||| FLEEEEING.
  3203 | D:5      | 3203 ||| FLEEEEING.
  3204 | D:5      | 3204 ||| FLEEEEING.
  3205 | D:5      | 3205 ||| FLEEEEING.
  3206 | D:5      | 3206 ||| FLEEEEING.
  3207 | D:5      | 3207 ||| FLEEEEING.
  3208 | D:5      | 3208 ||| FLEEEEING.
  3209 | D:5      | 3209 ||| FLEEEEING.
  3210 | D:5      | 3210 ||| FLEEEEING.
  3211 | D:5      | 3211 ||| FLEEEEING.
  3212 | D:5      | 3212 ||| FLEEEEING.
  3213 | D:5      | 3213 ||| FLEEEEING.
  3294 | D:5      | Reached * piety under Okawaru
  3410 | D:5      | Reached skill level 7 in Dodging
  3418 | D:5      | Found a hide-covered altar of Uskayaw.
  3450 | D:5      | 3450 ||| DROPPING ring of protection from cold.
  3451 | D:5      | 3451 ||| UPGRADING to +6 ring of dexterity.
  3453 | D:5      | 3453 ||| READING scroll of identify.
  3453 | D:5      | 3453 ||| IDENTIFYING ruby potion
  3454 | D:5      | 3454 ||| READING scroll labelled ZIBANW PUBAG.
  3472 | D:6      | 3472 ||| PLANNING OSSUARY
  3474 | D:6      | 3474 ||| STAIRDANCE
  3477 | D:5      | Reached skill level 1 in Invocations
  3536 | D:6      | Noticed Grinder
  3537 | D:6      | 3537 ||| INVOKING Heroism.
  3549 | D:6      | Reached skill level 8 in Dodging
  3549 | D:6      | Killed Grinder
  3550 | D:6      | Reached skill level 3 in Invocations
  3550 | D:6      | Reached XP level 8. HP: 32/39 MP: 8/11
  3784 | D:6      | Found a sand-covered staircase.
  3794 | D:6      | Reached skill level 9 in Dodging
  3794 | D:6      | 3794 ||| READING scroll of identify.
  3794 | D:6      | 3794 ||| IDENTIFYING smoky clear potion
  3795 | D:6      | 3795 ||| READING scroll labelled FOAVUK YT SADD.
  3795 | D:6      | Identified a scroll of acquirement
  3795 | D:6      | 3795 ||| ACQUIRING 1165 gold pieces
  3795 | D:6      | Acquired 1165 gold pieces
  3797 | D:6      | 3797 ||| DROPPING potion of invisibility.
  3804 | Ossuary  | Entered an ossuary
  3811 | Ossuary  | 3811 ||| RETREEEEATING.
  3813 | Ossuary  | 3813 ||| RETREEEEATING.
  3815 | Ossuary  | 3815 ||| RETREEEEATING.
  3816 | Ossuary  | 3816 ||| RETREEEEATING.
  3817 | Ossuary  | 3817 ||| RETREEEEATING.
  3818 | Ossuary  | Reached ** piety under Okawaru
  4009 | Ossuary  | 4009 ||| READING 2 scrolls labelled BOTSIW ZIB.
  4010 | Ossuary  | 4010 ||| READING scroll labelled CAECUIGAWA.
  4011 | Ossuary  | 4011 ||| READING scroll labelled VEISAK BUCOT VOTSU.
  4012 | Ossuary  | 4012 ||| DROPPING scroll of fog.
  4020 | D:6      | 4020 ||| PLANNING D:1-11
  4236 | D:6      | Reached skill level 3 in Fighting
  4406 | D:7      | Reached *** piety under Okawaru
  4407 | D:7      | Reached skill level 9 in Ranged Weapons
  4505 | D:7      | Reached XP level 9. HP: 17/44 MP: 13/13
  4517 | D:7      | HP: 5/44 [orc wizard/puff of flame (9)]
  4518 | D:7      | 4518 ||| READING 3 scrolls of teleportation.
  4666 | D:7      | Found a blossoming altar of Fedhas.
  4749 | D:7      | Found a shadowy altar of Dithmenos.
  4839 | D:7      | Reached skill level 10 in Dodging
  4857 | D:7      | 4857 ||| RETREEEEATING.
  4859 | D:7      | 4859 ||| RETREEEEATING.
  4861 | D:7      | 4861 ||| RETREEEEATING.
  4939 | D:7      | Reached skill level 11 in Dodging
  5052 | D:7      | 5052 ||| SWAPPING to +0 orcbow.
  5053 | D:7      | 5053 ||| DROPPING +0 shortbow of flaming.
  5078 | D:7      | 5078 ||| READING scroll of identify.
  5078 | D:7      | 5078 ||| IDENTIFYING smoky coppery potion
  5079 | D:7      | 5079 ||| READING 2 scrolls labelled YSEBOI PEALO.
  5079 | D:7      | 5079 ||| ENCHANTING +0 cloak.
  5080 | D:7      | 5080 ||| READING scroll of enchant armour.
  5080 | D:7      | 5080 ||| ENCHANTING +1 cloak.
  5081 | D:7      | 5081 ||| DROPPING potion of brilliance.
  5329 | D:8      | Found a bloodstained altar of Trog.
  5458 | D:8      | Noticed a two-headed ogre
  5459 | D:8      | 5459 ||| INVOKING Heroism.
  5471 | D:8      | Killed a two-headed ogre
  5471 | D:8      | Reached **** piety under Okawaru
  5870 | D:8      | 5870 ||| UPGRADING to +0 steam dragon scales.
  5880 | D:8      | 5880 ||| DROPPING +0 robe.
  5984 | D:9      | Found a staircase to the Lair.
  5986 | D:9      | 5986 ||| RETREEEEATING.
  5987 | D:9      | 5987 ||| RETREEEEATING.
  5988 | D:9      | 5988 ||| RETREEEEATING.
  5989 | D:9      | 5989 ||| RETREEEEATING.
  5992 | D:9      | Reached XP level 10. HP: 49/49 MP: 14/14
  5997 | D:9      | Reached skill level 1 in Armour
  6159 | D:9      | Reached ***** piety under Okawaru
  6297 | D:9      | Noticed a two-headed ogre
  6298 | D:9      | 6298 ||| INVOKING Finesse.
  6313 | D:9      | Killed a two-headed ogre
  6314 | D:9      | Reached skill level 12 in Dodging
  6314 | D:9      | Reached skill level 6 in Invocations
  6418 | D:9      | 6418 ||| RETREEEEATING.
  6419 | D:9      | 6419 ||| RETREEEEATING.
  6421 | D:9      | 6421 ||| RETREEEEATING.
  6428 | D:9      | 6428 ||| INVOKING Finesse.
  6494 | D:9      | Found a staircase to the Orcish Mines.
  6579 | D:9      | Noticed Maurice
  6580 | D:9      | 6580 ||| RETREEEEATING.
  6581 | D:9      | 6581 ||| INVOKING Finesse.
  6603 | D:9      | 6603 ||| FLEEEEING.
  6604 | D:9      | 6604 ||| FLEEEEING.
  6605 | D:9      | 6605 ||| FLEEEEING.
  6606 | D:9      | 6606 ||| FLEEEEING.
  6607 | D:9      | 6607 ||| FLEEEEING.
  6608 | D:9      | 6608 ||| FLEEEEING.
  6609 | D:9      | 6609 ||| FLEEEEING.
  6610 | D:9      | 6610 ||| FLEEEEING.
  6611 | D:9      | 6611 ||| FLEEEEING.
  6612 | D:9      | 6612 ||| FLEEEEING.
  6613 | D:9      | 6613 ||| FLEEEEING.
  6614 | D:9      | 6614 ||| FLEEEEING.
  6615 | D:9      | 6615 ||| FLEEEEING.
  6616 | D:9      | 6616 ||| FLEEEEING.
  6617 | D:9      | 6617 ||| FLEEEEING.
  6618 | D:9      | 6618 ||| FLEEEEING.
  6619 | D:9      | 6619 ||| FLEEEEING.
  6620 | D:9      | 6620 ||| FLEEEEING.
  6624 | D:9      | Killed Maurice
  6777 | D:9      | 6777 ||| RETREEEEATING.
  6780 | D:9      | 6780 ||| RETREEEEATING.
  6781 | D:9      | 6781 ||| RETREEEEATING.
  6814 | D:9      | Reached skill level 13 in Dodging
  6863 | D:9      | Noticed a fire dragon
  6864 | D:9      | 6864 ||| INVOKING Finesse.
  6869 | D:9      | Reached XP level 11. HP: 53/53 MP: 11/17
  6870 | D:9      | Noticed a boulder beetle
  6891 | D:9      | Killed a fire dragon
  6904 | D:9      | HP: 11/53 [acid dragon (9)]
  6905 | D:9      | 6905 ||| READING 2 scrolls of teleportation.
  6905 | D:9      | Killed from afar by an acid dragon

Levels and vault maps discovered:
D:1:      saegor_arrival_simple_a, layout_loops_cross, minmay_tetromino_i4
D:2:      layout_loops_ring, basic_ecumenical_altar, minmay_misc_feat_tower
D:3:      layout_loops_ring, minmay_curled_crystal
D:4:      layout_loops_cross, serial_rivers, chequers_serial_rivers_small_3,
          chequers_serial_rivers_micro_b, chequers_serial_rivers_micro_a,
          chequers_serial_rivers_marsh, eino_small_chamber_without_monster
D:5:      layout_rooms, nicolae_uskayaw_suspiria,
          minmay_temple_entry_sparse_star, minmay_between
D:6:      layout_basic, mainiacjoe_ossuary_entry_find_the_door, uniq_grinder
D:7:      layout_gridville, grunt_dithmenos_shadows, fedhas_altar_fruit_tree
D:8:      layout_basic, mainiacjoe_overflow_paths
D:9:      nzn_winding_woodlands_large [nzn_winding_woodlands_5x5_closed_star,
          nzn_winding_woodlands_5x15_parted,
          nzn_winding_woodlands_5x5_checkerboard,
          nzn_winding_woodlands_center_lodge,
          nzn_winding_woodlands_15x15_five_gardens,
          nzn_winding_woodlands_center_diamonds,
          nzn_winding_woodlands_5x5_three, nzn_winding_woodlands_5x15_longhouse,
          nzn_winding_woodlands_5x5_cross], layout_basic, david_lair_generic,
          minmay_orc_entry_guard_dogs, kennysheep_pointless_box, uniq_maurice
Temple:   dpeg_three_leaves_temple

Skill      XL: |  1  2  3  4  5  6  7  8  9 10 11 |
---------------+----------------------------------+-----
Dodging        | 3 4 5 6 8 9 11 13 | 13.0
Ranged Weapons | 5 6 7 9 11 | 11.2
Fighting       | 2 3 4 |  4.1
Invocations    | 3 4 7 8 |  8.3
Armour         | 1 |  1.1
Stealth        | |  1.5

Action                     |  1- 3 |  4- 6 |  7- 9 | 10-12 || total
---------------------------+-------+-------+-------+-------++-------
   Fire: Shortbow          |   117 |   245 |   346 |       ||   708
         Orcbow            |       |       |    76 |   235 ||   311
 Invoke: Heroism           |       |       |     2 |       ||     2
         Finesse           |       |       |       |     4 ||     4
  Evoke: Wand              |       |     3 |       |       ||     3
    Use: Scroll            |     1 |     7 |    11 |     1 ||    20
         Potion            |       |     2 |       |       ||     2
 Armour: Robe              |    23 |    33 |    71 |       ||   127
         Steam dragon scal |       |       |     1 |    41 ||    42
  Dodge: Dodged            |    89 |   109 |   363 |   193 ||   754

Table legend:
 A = Non-vault XP
 B = Vault XP
 C = Vault XP percentage of total XP
 D = Non-vault monster count
 E = Vault monster count
 F = Vault count percentage of total count
                 A         B        C        D         E       F
            +---------+---------+-------+---------+---------+-------
      Total |    5813 |    6418 |  52.5 |     186 |      54 |  22.5
            +---------+---------+-------+---------+---------+-------
        D:1 |      59 |       3 |   4.8 |      35 |       2 |   5.4
        D:2 |     108 |       0 |   0.0 |      21 |       0 |   0.0
        D:3 |     122 |       0 |   0.0 |      23 |       0 |   0.0
        D:4 |     167 |       0 |   0.0 |      20 |       0 |   0.0
        D:5 |     338 |     138 |  29.0 |      15 |       4 |  21.1
        D:6 |     889 |     454 |  33.8 |      17 |       8 |  32.0
        D:7 |    1244 |      11 |   0.9 |      26 |       1 |   3.7
        D:8 |    1558 |       0 |   0.0 |      13 |       0 |   0.0
        D:9 |    1328 |    5579 |  80.8 |      16 |      25 |  61.0
    Ossuary |       0 |     233 | 100.0 |       0 |      14 | 100.0
            +---------+---------+-------+---------+---------+-------
